 Dungeon Crawl Stone Soup version 0.30.1-3-gfc49f6343a (webtiles) character file.

Game seed: 3596294414715701225

21421 sampeng1 the Cleaver (level 12, 0/112 HPs)
             Began as a Minotaur Berserker on July 27, 2023.
             Was a High Priest of Trog.
             Slain by a six-headed hydra (9 damage)
             ... on level 3 of the Lair of Beasts on July 28, 2023.
             The game lasted 00:40:00 (9685 turns).

sampeng1 the Cleaver (Minotaur Berserker)           Turns: 9685, Time: 00:40:01

Health: 0/112      AC: 20    Str: 33    XL:     12   Next: 54%
Magic:  20/20      EV: 11    Int:  4    God:    Trog [*****.]
Gold:   421        SH: 14    Dex:  8    Spells: 11/11 levels left

rFire   . . .        w - +9 hand axe "Jellybane" {freeze, rC+ MP+9}
rCold   + . .        c - +3 warlock's mirror {omnireflect}
rNeg    . . .        F - +0 plate armour
rPois   .            (helmet unavailable)
rElec   .            D - +0 cloak
rCorr   .            y - +0 pair of gloves
SInv    .            m - +1 pair of boots
Will    +....        G - amulet of reflection Stlth
                     g - ring of willpower
HPRegen 0.38/turn    J - +6 ring of strength
MPRegen 0.17/turn

%: reflection
@: on berserk cooldown, slowed, very slow
A: horns 3, retaliatory headbutt, clumsy 1
a: Renounce Religion, Berserk, Trog's Hand, Brothers in Arms


You were on level 3 of the Lair of Beasts.
You worshipped Trog.
Trog was extremely pleased with you.
You visited 2 branches of the dungeon, and saw 13 of its levels.

You collected 657 gold pieces.
You spent 236 gold pieces at shops.

Inventory:

Hand Weapons
 w - the +9 hand axe "Jellybane" (weapon) {freeze, rC+ MP+9}
   (You took it off a wight on level 7 of the Dungeon)

   rC:        It protects you from cold.
   MP:        It affects your magic capacity (+9).
 B - a +0 war axe
Missiles
 a - 4 boomerangs
 d - 80 stones
 i - 20 poisoned darts (quivered)
 I - a throwing net
 L - 5 atropa-tipped darts
Armour
 c - the +3 warlock's mirror (worn) {omnireflect}
   (You acquired it on level 1 of the Dungeon)

   Omnireflect: It can block and reflect piercing ranged attacks and magical
   attacks against the wielder's willpower.
 m - a +1 pair of boots (worn)
 x - the +4 helmet of Pathos {rC+ Int+6 Dex-4}
   (You found it on level 7 of the Dungeon)

   Int:       It affects your intelligence (+6).
   Dex:       It affects your dexterity (-4).
   rC:        It protects you from cold.
 y - a +0 pair of gloves (worn)
 z - a +3 scale mail of fire resistance
 D - a +0 cloak (worn)
 F - a +0 plate armour (worn)
 O - a scarf of shadows
Jewellery
 e - an amulet of guardian spirit
 g - a ring of willpower (left hand)
 k - a ring of protection from fire
 G - an amulet of reflection (around neck)
 J - a +6 ring of strength (right hand)
 R - a +5 ring of evasion
Wands
 o - a wand of light (6)
 r - a wand of iceblast (18)
 K - a wand of flame (24)
 P - a wand of charming (10)
Scrolls
 f - a scroll of fog
 j - 4 scrolls of identify
 n - 3 scrolls of noise
 s - 2 scrolls of blinking {unknown}
 t - 4 scrolls of poison
 u - 2 scrolls of magic mapping
 v - 5 scrolls of teleportation
 C - 2 scrolls of enchant weapon
 E - a scroll of silence {unknown}
 H - a scroll of enchant armour
Potions
 b - 2 potions of ambrosia
 h - a potion of degeneration
 l - 3 potions of curing
 p - 2 potions of mutation
 q - 3 potions of attraction
 A - a potion of heal wounds
 N - a potion of might {unknown}
 Q - a potion of berserk rage
Miscellaneous
 M - a phial of floods


   Skills:
 + Level 12.0 Fighting
 + Level 12.0 Axes
 + Level 11.6 Armour
 + Level 10.7 Dodging
 + Level 11.2 Shields


You had 11 spell levels left.
You didn't know any spells.
Your spell library was empty.

Dungeon Overview and Level Annotations

Branches:
Dungeon (9/15)             Temple (0/1) D:5            Lair (4/5) D:9
  Swamp: Lair:2-3    Shoals: Lair:2-3     Snake: Lair:2-3    Spider: Lair:2-3
  Slime: Lair:4-5       Orc: D:9-12

Altars:
Dithmenos
Gozag
Hepliaklqana
Makhleb
Nemelex Xobeh
Okawaru
Qazlal
Ru
Trog
Vehumet
Zin
The Shining One

Shops:
D:3 !   D:7 [


Innate Abilities, Weirdness & Mutations

You have a pair of large horns on your head.
You reflexively headbutt those who attack you in melee.
You are clumsy. (Dex -2)


Message History

You kill the 14-headed hydra!
Trog accepts your kill.
Your Fighting skill increases to level 12!
Your Axes skill increases to level 12!
Calm down first, please.
You feel a strong urge to attack something.
You see here a cane toad corpse.
You feel your anger nearly subside.
You are no longer berserk.
You are exhausted.
You feel yourself slow down.
A six-headed hydra comes into view.
The six-headed hydra roars!
The six-headed hydra closely misses you.
You block the six-headed hydra's attack. x2
The six-headed hydra bites you!
* * * LOW HITPOINT WARNING * * *
The six-headed hydra barely misses you.
You block the six-headed hydra's attack.
You hit the six-headed hydra. You freeze the six-headed hydra.
You headbutt the six-headed hydra!!
The six-headed hydra is moderately wounded.
The six-headed hydra bites you.
* * * LOW HITPOINT WARNING * * *
You block the six-headed hydra's attack. x2
The six-headed hydra bites you.
* * * LOW HITPOINT WARNING * * *
The six-headed hydra closely misses you.
The six-headed hydra bites you.
* * * LOW HITPOINT WARNING * * *
Okay, then.
Throw: 21 darts (poison)
Press: ? - help, Q - select action, (/) - cycle Shift-Dir - straight line, f - six-headed hydra
Aim: a six-headed hydra (moderately wounded, 79% to hit)
You throw a poisoned dart.
The poisoned dart barely misses the six-headed hydra.
You block the six-headed hydra's attack. x2
The six-headed hydra bites you but does no damage. x3
You block the six-headed hydra's attack.
The six-headed hydra bites you!
You die...

. .. #. ### ... ...
#P## ## ....# #...
#.P##.#.....# ....#
#............
#...P##..#.#.#....#
..........###......
..♣#..D@.........
♣..♣♣.........
≈≈~~~~...♣♣........
≈≈~≈~≈~≈♣♣.........
≈≈≈≈~≈~♣♣..........
♣≈~~~.. ♣♣#........
. ♣♣♣♣§§.
♣.......... .. ##
§.§♣ ♣♣♣[.......
...#. §♣♣♣
♣........ .....


You could see a six-headed hydra.

Vanquished Creatures
  A hydra (Lair:3)
  3 death yaks (D:9)
  The ghost of bahustanut the Fighter, a novice DsFi of Trog (D:7)
  The ghost of hurricos the Spear-Bearer, a novice FoFi of Cheibriados (D:7)
  A lindwurm (Lair:2)
  Pikel (D:7)
  2 black mambas
  7 cane toads
  The ghost of cdecastro the Cudgeller, a novice AtWr of Okawaru (D:7)
  A rime drake (Lair:1)
  5 komodo dragons
  A tyrant leech (Lair:1)
  3 polar bears
  12 blink frogs
  2 wyverns (Lair:2)
  18 yaks
  2 basilisks (Lair:2)
  Grum (D:8)
  3 swamp worms (Lair:1)
  9 water moccasins
  3 sky beasts
  4 ice beasts
  2 orc warriors (D:9)
  2 black bears
  2 centaurs
  16 wolves
  3 lemures (D:7)
  2 phantoms
  6 bullfrogs
  A scorpion (D:6)
  4 gnoll sergeants
  7 wights
  3 killer bees (D:9)
  8 howler monkeys
  A crimson imp (D:8)
  3 hounds
  3 jellies
  3 orc priests
  2 gnoll boudas
  A sleepcap (D:4)
  6 orc wizards
  27 gnolls
  5 adders
  A shadow imp (D:5)
  2 ufetubi
  3 worms
  4 dart slugs
  22 orcs
  5 bats
  7 endoplasms
  2 giant cockroaches
  10 goblins
  8 hobgoblins
  3 kobolds
  2 quokkas (D:2)
  6 ball pythons
  10 frilled lizards
  8 rats
  A spectral hobgoblin (D:8)
283 creatures vanquished.

Notes
Turn   | Place    | Note
-------+----------+-------------------------------------------
     0 | D:1      | sampeng1 the Minotaur Berserker began the quest for the
                  | Orb.
     0 | D:1      | Reached XP level 1. HP: 19/19 MP: 0/0
   200 | D:1      | Reached XP level 2. HP: 27/27 MP: 1/1
   226 | D:1      | Identified a scroll of acquirement
   226 | D:1      | Acquired the +3 warlock's mirror {omnireflect}
   226 | D:1      | Found the +3 warlock's mirror {omnireflect}
   288 | D:1      | Reached XP level 3. HP: 21/33 MP: 0/2
   560 | D:2      | Reached skill level 1 in Shields
   625 | D:2      | Reached ** piety under Trog
   767 | D:2      | Reached XP level 4. HP: 40/40 MP: 3/3
  1353 | D:3      | Found a glowing golden altar of the Shining One.
  1510 | D:3      | Found Fimmull's Distillery.
  1530 | D:3      | Bought a potion of curing for 33 gold pieces
  1768 | D:3      | Reached *** piety under Trog
  2070 | D:4      | Reached XP level 5. HP: 43/47 MP: 2/4
  2079 | D:4      | Noticed a black bear
  2091 | D:4      | Killed a black bear
  2320 | D:4      | Reached XP level 6. HP: 55/55 MP: 5/5
  2380 | D:4      | Found an opulent altar of Gozag.
  3034 | D:5      | Entered Level 5 of the Dungeon
  3151 | D:5      | Reached skill level 5 in Fighting
  3151 | D:5      | Reached skill level 5 in Axes
  3218 | D:5      | Found a staircase to the Ecumenical Temple.
  3327 | D:5      | Found a shadowy altar of Dithmenos.
  3327 | D:5      | Found a bloodstained altar of Trog.
  3500 | D:5      | Found an iron altar of Okawaru.
  3549 | D:5      | Reached XP level 7. HP: 34/61 MP: 3/6
  3913 | D:5      | Gained mutation: You are clumsy. (Dex -2) [potion of
                  | mutation]
  3913 | D:5      | Gained mutation: You have a pair of large horns on your
                  | head. [potion of mutation]
  4020 | D:6      | Reached skill level 5 in Armour
  4293 | D:6      | Found a glowing silver altar of Zin.
  4409 | D:6      | Found a sacrificial altar of Ru.
  4479 | D:6      | Reached skill level 5 in Dodging
  4479 | D:6      | Reached XP level 8. HP: 64/70 MP: 7/7
  4895 | D:6      | Reached skill level 5 in Shields
  5124 | D:6      | Found a sparkling altar of Nemelex Xobeh.
  5256 | D:7      | Noticed Pikel
  5269 | D:7      | Killed Pikel
  5270 | D:7      | Reached XP level 9. HP: 53/79 MP: 5/8
  5451 | D:7      | Identified the +9 hand axe "Jellybane" {freeze, rC+ MP+9}
  5469 | D:7      | Reached **** piety under Trog
  5706 | D:7      | Identified the +4 helmet of Pathos {rC+ Int+6 Dex-4}
  5775 | D:7      | Found Ducwin's Antique Armour Emporium.
  5789 | D:7      | Bought a runed scale mail for 203 gold pieces
  5853 | D:7      | Found a runed translucent gate.
  5853 | D:7      | Found a runed translucent gate.
  5853 | D:7      | Found a runed translucent gate.
  5854 | D:7      | Noticed hurricos's ghost (novice FoFi)
  5854 | D:7      | Noticed bahustanut's ghost (novice DsFi)
  5854 | D:7      | Noticed cdecastro's ghost (novice AtWr)
  5866 | D:7      | Killed hurricos's ghost
  5871 | D:7      | Killed bahustanut's ghost
  5877 | D:7      | Killed cdecastro's ghost
  5878 | D:7      | Reached XP level 10. HP: 74/90 MP: 9/9
  6288 | D:8      | Found a radiant altar of Vehumet.
  6289 | D:8      | Found a burning altar of Makhleb.
  6314 | D:8      | Noticed Grum
  6329 | D:8      | Killed Grum
  6660 | D:8      | Found a hazy altar of Hepliaklqana.
  7013 | D:9      | Reached ***** piety under Trog
  7094 | D:9      | Noticed a death yak
  7095 | D:9      | Found a staircase to the Lair.
  7095 | D:9      | Noticed a death yak
  7095 | D:9      | Noticed a death yak
  7111 | D:9      | Killed a death yak
  7112 | D:9      | Killed a death yak
  7117 | D:9      | Killed a death yak
  7118 | D:9      | Reached XP level 11. HP: 99/99 MP: 10/10
  7119 | D:9      | Reached skill level 10 in Fighting
  7121 | D:9      | Reached skill level 10 in Axes
  7216 | D:9      | Found a stormy altar of Qazlal.
  7368 | Lair:1   | Entered Level 1 of the Lair of Beasts
  7551 | Lair:1   | Reached skill level 10 in Armour
  8070 | Lair:1   | Reached skill level 10 in Shields
  8523 | Lair:2   | Noticed a lindwurm
  8527 | Lair:2   | Killed a lindwurm
  8588 | Lair:2   | You fall into a shaft and drop 2 floors!
  8599 | Lair:4   | Reached XP level 12. HP: 105/110 MP: 11/11
  8619 | Lair:3   | Reached skill level 10 in Dodging
  9205 | Lair:2   | Identified the +2 leather armour of the Fletcher {*Slow
                  | rElec Stlth+}
  9641 | Lair:3   | Noticed a six-headed hydra
  9664 | Lair:3   | Killed a 14-headed hydra
  9682 | Lair:3   | Noticed a six-headed hydra
  9685 | Lair:3   | Slain by a six-headed hydra

Illustrated notes

Levels and vault maps discovered:
D:1:      lightli_arrival_windingriver, layout_rooms, dreamdust_wishing_well
D:2:      layout_basic
D:3:      layout_basic, tso_metal_star, serial_shops,
          nicolae_shop_industrial_runoff, fountainhead, minmay_lizard_king
D:4:      layout_basic, kennysheep_little_box
D:5:      layout_cave_pools, lemuel_tele_altar, nicolae_overflow_two_pavilions,
          temple_green, minmay_misc_feat_five, serial_bayou_lagoon_b
D:6:      layout_loops_corners, mainiacjoe_overflow_boulevard,
          nicolae_ru_sacrificial_ziggurat, nemelex_spade_bored_becter
D:7:      layout_rooms, gammafunk_ghost_cemetery, serial_shops, shop, uniq_pikel
D:8:      layout_basic, grunt_temple_overflow_lords_of_destruction,
          nicolae_hepliaklqana_monster_ancestors, minivault_26, uniq_grum
D:9:      layout_cross, old_standard_altar, dpeg_lair_monsters
Lair:1:   layout_regular_city, worms_lemuel, grunt_megastairs_4
Lair:2:   layout_regular_city, grunt_megastairs_5
Lair:3:   layout_gridlike, palyth_hydra_swamp_entry, dummy_snake_entry
Lair:4:   layout_roguey, slime_entry_1, infiniplex_staircase_pool

Skill      XL: |  1  2  3  4  5  6  7  8  9 10 11 12 |
---------------+-------------------------------------+-----
Fighting       | 4 5 6 7 8 9 11 12 | 12.0
Axes           | 4 5 6 7 8 9 11 12 | 12.0
Armour         | 3 4 5 6 8 9 10 11 | 11.6
Shields        | 1 2 3 4 6 7 9 10 11 | 11.2
Dodging        | 3 4 5 6 7 8 9 10 | 10.7

Action                     |  1- 3 |  4- 6 |  7- 9 | 10-12 || total
---------------------------+-------+-------+-------+-------++-------
  Melee: Hand axe          |    62 |   137 |   156 |   361 ||   716
         Headbutt          |     8 |    36 |    28 |    64 ||   136
         Punch             |     1 |       |       |       ||     1
  Throw: Dart              |       |       |     1 |     1 ||     2
 Invoke: Berserk           |     1 |       |     3 |     5 ||     9
    Use: Scroll            |     6 |     4 |     5 |     1 ||    16
         Potion            |       |       |     8 |     1 ||     9
   Stab: Held in net/web   |       |       |       |     1 ||     1
 Armour: Animal skin       |     2 |       |       |       ||     2
         Ring mail         |    20 |    53 |    63 |       ||   136
         Scale mail        |       |       |     5 |    28 ||    33
         Plate armour      |       |       |       |    96 ||    96
  Dodge: Dodged            |    40 |    69 |    59 |   139 ||   307
  Block: Buckler           |     9 |    47 |    61 |   200 ||   317
         Reflection        |       |     4 |     2 |     5 ||    11
